 Dungeon Crawl Stone Soup version 0.21-a0-153-g78480df (webtiles) character file.

224 Murumi the Covered (level 6, -3/38 HPs)
             Began as a Gargoyle Fighter on July 22, 2017.
             Slain by Natasha (5 damage)
             ... on level 2 of the Dungeon on Aug 1, 2017.
             The game lasted 00:07:22 (1527 turns).

Murumi the Covered (Gargoyle Fighter)               Turns: 1527, Time: 00:07:22

Health: -3/38      AC: 11    Str: 21    XL:     6   Next: 0%
Magic:  6/6        EV: 10    Int: 11    God:
Gold:   106        SH:  0    Dex:  9    Spells: 5/5 levels left

rFire    . . .     SeeInvis .   a - +1 flail
rCold    . . .     Gourm    .   (no shield)
rNeg     + . .     Faith    .   b - +0 scale mail
rPois    ∞         Spirit   .   (no helmet)
rElec    +         Reflect  .   (no cloak)
rCorr    .         Harm     .   (no gloves)
MR       .....                  (no boots)
Stlth    +.........             (no amulet)
HPRegen  0.12/turn              q - ring of stealth
MPRegen  0.10/turn              (no ring)

@: flying
A: clever 1, negative energy resistance 1, electricity resistance, unbreathing,
petrification resistance, rot immunity, AC +4
a: no special abilities


You were on level 2 of the Dungeon.
You were not hungry.

You visited 1 branch of the dungeon, and saw 2 of its levels.

You collected 106 gold pieces.

Inventory:

Hand Weapons
 a - a +1 flail (weapon)
Armour
 b - a +0 scale mail (worn)
 c - a +0 shield
Jewellery
 q - a ring of stealth (left hand)
Scrolls
 e - a scroll of teleportation {unknown}
 j - a scroll of recharging {unknown}
 l - a scroll of remove curse {unknown}
 p - a scroll of fear {unknown}
 r - a scroll of enchant armour {unknown}
Potions
 g - a potion of resistance
 k - a potion of mutation
 o - 2 potions of haste
Comestibles
 f - 3 bread rations
 h - 3 fruits
 i - a meat ration
 n - a royal jelly


   Skills:
 - Level 4.1 Fighting
 - Level 3.0 Maces & Flails
 + Level 5.7 Armour
 - Level 1.2 Dodging
 - Level 3.2 Shields


You had 5 spell levels left.
You didn't know any spells.

Dungeon Overview and Level Annotations

Branches:
Dungeon (2/15)

Altars:

Annotations:
D:2 Natasha


Innate Abilities, Weirdness & Mutations

You are resistant to torment.
Your stone body is resilient. (AC +4)
You are immune to poison.
You resist negative energy. (rN+)
You are resistant to electric shocks. (rElec)
You can survive without breathing.
You are immune to petrification.
You are immune to rotting.
Your mind is acute. (Int +2)


Message History

* * * LOW HITPOINT WARNING * * *
The crimson imp sputters.
Natasha stares at you and mumbles some strange words.
You resist with some effort.
Your scale mail prevents you from hitting Natasha.
Natasha is heavily wounded.
Natasha zaps a wand.
The puff of flame hits you!
* * * LOW HITPOINT WARNING * * *
You barely miss Natasha.
Natasha is heavily wounded.
Natasha zaps a wand.
The puff of flame hits you!
* * * LOW HITPOINT WARNING * * *
The crimson imp blinks!
It was a potion of mutation.
You feel extremely strange.
You feel clumsy.
You feel clever.
You feel agile. Natasha claws you but does no damage.
It was a potion of flight.
You feel very buoyant.
You fly up into the air.
Natasha claws you.
You die...

#. #.'.....#.. ..
#################.######### ..
...................##....## ..
.........#########..'....'.
.........# #...#..#....##
.........# #...#..######
.........# #...#..#
.......5.#####...#..#######
........5h@................
.........#####...#..######.
....)....# #...#...# #.
.........# #...#.#.# #.
.........# #...#.#.# #.
########## #...#.#.#####. #####
######...#.........
#.#####...####...#.....##.#####.
#.....'..........'.....'......#.


You could see Natasha and 2 crimson imps.

Vanquished Creatures
  Sigmund (D:2)
  Terence (D:2)
  An adder (D:2)
  An ooze (D:2)
  A worm (D:2)
  3 dart slugs (D:1)
  3 leopard geckos
  7 bats
  A giant cockroach (D:1)
  3 goblins
  5 hobgoblins (D:1)
  3 kobolds
  A quokka (D:2)
  A frilled lizard (D:1)
  5 rats (D:1)
37 creatures vanquished.

Notes
Turn   | Place    | Note
-------+----------+-------------------------------------------
     0 | D:1      | Murumi the Gargoyle Fighter began the quest for the Orb.
     0 | D:1      | Reached XP level 1. HP: 14/14 MP: 1/1
    88 | D:1      | Reached skill level 1 in Dodging
    88 | D:1      | Reached XP level 2. HP: 19/19 MP: 2/2
   155 | D:1      | Upgraded the game from 0.21-a0-142-gdd972a7 to 0.21-a0-153-g78480df
   258 | D:1      | Reached XP level 3. HP: 22/23 MP: 3/3
   657 | D:2      | Noticed Terence
   666 | D:2      | Killed Terence
   666 | D:2      | Reached XP level 4. HP: 26/29 MP: 4/4
  1196 | D:2      | Noticed Sigmund
  1210 | D:2      | Killed Sigmund
  1210 | D:2      | Reached skill level 5 in Armour
  1210 | D:2      | Reached XP level 5. HP: 9/33 MP: 5/5
  1444 | D:2      | Reached XP level 6. HP: 38/38 MP: 6/6
  1493 | D:2      | Noticed Natasha
  1526 | D:2      | Gained mutation: You are clumsy. (Dex -2) [potion of mutation]
  1526 | D:2      | Gained mutation: Your mind is acute. (Int +2) [potion of mutation]
  1526 | D:2      | Lost mutation: You are clumsy. (Dex -2) [potion of mutation]
  1527 | D:2      | Slain by Natasha

Vault maps used:
D:1:      moated_graveyard_arrival
D:2:      nicolae_ru_path_of_blood, kennysheep_nondescript,
          roderic_serpentine_path, uniq_terence, uniq_natasha, uniq_sigmund

Skill      XL: |  1  2  3  4 |
---------------+-------------+-----
Dodging        | 1 |  1.2
Maces & Flails | 3 |  3.0
Fighting       | 4 |  4.1
Armour         | 5 |  5.7
Shields        | |  3.2

Action                   |  1- 3 |  4- 6 || total
-------------------------+-------+-------++-------
Melee: Flail             |    74 |    70 ||   144
  Use: Scroll            |     2 |     1 ||     3
       Potion            |       |     3 ||     3
  Eat: Chunk             |       |     2 ||     2
Armor: Scale mail        |    43 |    31 ||    74
Dodge: Dodged            |    45 |    34 ||    79
